 Dungeon Crawl Stone Soup version 0.28.0 (webtiles) character file.

Game seed: 144872919362447795

325 danielguo94 the Cudgeller (level 6, -5/38 HPs)
             Began as a Gargoyle Fighter on Feb 8, 2022.
             Slain by a hornet zombie (8 damage)
             ... on level 4 of the Dungeon.
             The game lasted 00:04:20 (4631 turns).

danielguo94 the Cudgeller (Gargoyle Fighter)        Turns: 4631, Time: 00:04:20

Health: -5/38      AC: 11    Str: 21    XL:     6   Next: 48%
Magic:  6/6        EV:  9    Int:  9    God:
Gold:   106        SH:  4    Dex:  9    Spells: 5/5 levels left

rFire   . . .      SeeInvis .   a - +0 flail
rCold   . . .      Faith    .   c - +0 buckler
rNeg    + . .      Spirit   .   b - +0 scale mail
rPois   ∞          Reflect  .   (no helmet)
rElec   +          Harm     .   (no cloak)
rCorr   .          Rampage  .   (no gloves)
Will    .....                   (no boots)
Stlth   ..........              (no amulet)
HPRegen 0.12/turn               (no ring)
MPRegen 0.10/turn               (no ring)

@: no status effects
A: sickness immunity, AC +4, negative energy resistance 1, electricity
resistance, torment resistance 1, petrification resistance
a: no special abilities


You were on level 4 of the Dungeon.
You visited 1 branch of the dungeon, and saw 4 of its levels.

You collected 106 gold pieces.

Inventory:

Hand Weapons
 a - a +0 flail (weapon)
Missiles
 e - 68 stones (quivered)
 h - 11 poisoned darts
Armour
 b - a +0 scale mail (worn)
 c - a +0 buckler (worn)
Jewellery
 f - a ring of resist corrosion
 m - a ring of ice
Scrolls
 i - 2 scrolls of vulnerability {unknown}
 j - a scroll of immolation {unknown}
 l - a scroll of identify {unknown}
 p - a scroll of noise {unknown}
 q - a scroll of fog {unknown}
 r - a scroll of silence {unknown}
 s - a scroll of amnesia {unknown}
 t - a scroll of teleportation {unknown}
Potions
 d - a potion of might
 g - a potion of haste {unknown}
 k - a potion of brilliance {unknown}
 n - a potion of heal wounds {unknown}
 o - a potion of attraction {unknown}


   Skills:
 + Level 4.2 Fighting
 * Level 5.3 Maces & Flails
 + Level 4.2 Armour
 + Level 0.7 Dodging
 + Level 3.6 Shields


You had 5 spell levels left.
You didn't know any spells.
Your spell library was empty.

Dungeon Overview and Level Annotations

Branches:
Dungeon (4/15)
 Temple: D:4-7

Altars:
Ashenzari


Innate Abilities, Weirdness & Mutations

You are immune to sickness and miasma.
Your stone body is resilient. (AC +4)
You are immune to poison.
You resist negative energy. (rN+)
You are resistant to electric shocks. (rElec)
You are resistant to unholy torment.
You are immune to petrification.


Message History

The hornet zombie is heavily damaged.
The hornet zombie closely misses you.
You hit the hornet zombie but do no damage.
The hornet zombie is heavily damaged.
The hornet zombie hits you.
* * * LOW HITPOINT WARNING * * *
The hornet zombie barely misses you.
You closely miss the hornet zombie.
The hornet zombie is heavily damaged.
The hornet zombie hits you.
* * * LOW HITPOINT WARNING * * *
You hit the hornet zombie.
The hornet zombie is heavily damaged.
The hornet zombie hits you but does no damage.
The hornet zombie hits you.
* * * LOW HITPOINT WARNING * * *
You closely miss the hornet zombie.
The hornet zombie is heavily damaged.
The hornet zombie barely misses you.
You barely miss the hornet zombie.
The hornet zombie is heavily damaged.
The hornet zombie hits you but does no damage.
The hornet zombie closely misses you.
You closely miss the hornet zombie.
The hornet zombie is heavily damaged.
The hornet zombie hits you but does no damage.
You closely miss the hornet zombie.
The hornet zombie is heavily damaged.
The hornet zombie closely misses you. You block the hornet zombie's attack.
You hit the hornet zombie.
The hornet zombie is heavily damaged.
The hornet zombie barely misses you.
You hit the hornet zombie.
The hornet zombie is severely damaged.
The hornet zombie hits you but does no damage.
You block the hornet zombie's attack.
You thump the hornet zombie!
The hornet zombie is almost destroyed.
The hornet zombie hits you!
You die...

### #.. #.# #.#
#.# ##### #
#########.#
#...###..#
........#.#
#...Z....#
#######.#.# #..@#
..........#####.##
.....##.........#
####.############
# #.# # #.# # #.#
# #.# # #.#


You could see a hornet zombie.

Vanquished Creatures
  A scorpion (D:4)
  3 orc priests
  A bullfrog skeleton (D:2)
  5 adders
  A white imp (D:4)
  An adder skeleton (D:4)
  A worm (D:2)
  2 dart slugs
  8 orcs
  4 bats
  6 endoplasms
  A giant cockroach (D:4)
  4 goblins
  11 hobgoblins
  5 jackals
  3 quokkas (D:1)
  10 ball pythons
  2 frilled lizards
  12 kobolds
  A rat (D:1)
82 creatures vanquished.

Notes
Turn   | Place    | Note
-------+----------+-------------------------------------------
     0 | D:1      | danielguo94 the Gargoyle Fighter began the quest for the
                  | Orb.
     0 | D:1      | Reached XP level 1. HP: 14/14 MP: 1/1
   150 | D:1      | Found a faded altar of an unknown god.
   206 | D:1      | Reached XP level 2. HP: 19/19 MP: 2/2
   433 | D:1      | Reached XP level 3. HP: 24/24 MP: 3/3
  1352 | D:2      | Reached skill level 3 in Maces & Flails
  1352 | D:2      | Reached XP level 4. HP: 8/29 MP: 4/4
  1912 | D:2      | Reached XP level 5. HP: 32/33 MP: 5/5
  2241 | D:3      | Found a broken altar of Ashenzari.
  2710 | D:3      | Reached skill level 4 in Maces & Flails
  3657 | D:4      | Reached XP level 6. HP: 10/38 MP: 6/6
  3974 | D:4      | Reached skill level 5 in Maces & Flails
  4268 | D:4      | HP: 1/38 [orc priest (2)]
  4631 | D:4      | Slain by a hornet zombie

Illustrated notes

Levels and vault maps discovered:
D:1:      minmay_arrival_glassed_features, layout_basic, basic_ecumenical_altar
D:2:      layout_loops_ring
D:3:      layout_loops_ring, nicolae_ashenzari_panopticon, serial_rivers,
          chequers_serial_rivers_small_3, chequers_serial_rivers_micro_d,
          chequers_serial_rivers_small_a, chequers_serial_rivers_small_3,
          chequers_serial_rivers_room_b
D:4:      layout_loops_ring, uniq_ijyb

Skill      XL: |  1  2  3  4  5  6 |
---------------+-------------------+-----
Maces & Flails | 3 4 5 |  5.3
Fighting       | 4 |  4.2
Armour         | 4 |  4.2
Dodging        | |  0.7
Shields        | |  3.6

Action                   |  1- 3 |  4- 6 || total
-------------------------+-------+-------++-------
Melee: Flail             |   127 |   240 ||   367
Armor: Scale mail        |    75 |   108 ||   183
Dodge: Dodged            |    61 |   103 ||   164
Block: Buckler           |    22 |    40 ||    62
